 Dungeon Crawl Stone Soup version 0.28-a0-1404-g4df0f3684d (webtiles) character file.

Game seed: 5274262963450029766

1113 HallandMoats the Skirmisher (level 8, 0/48 HPs)
             Began as a Gargoyle Fighter on Jan 5, 2022.
             Slain by a yak (11 damage)
             ... on level 3 of the Dungeon.
             The game lasted 00:05:02 (4858 turns).

HallandMoats the Skirmisher (Gargoyle Fighter)      Turns: 4858, Time: 00:05:03

Health: 0/48       AC: 12    Str: 15    XL:     8   Next: 33%
Magic:  10/10      EV: 10    Int: 10    God:
Gold:   134        SH:  5    Dex: 14    Spells: 7/7 levels left

rFire   . . .      SeeInvis .   b - +5 flail of Destruction {venom, rC++ Str-4 Dex+3}
rCold   + + .      Faith    .   c - +0 buckler
rNeg    + . .      Spirit   .   m - +0 scale mail {Will+}
rPois   ∞          Reflect  .   (no helmet)
rElec   +          Harm     .   (no cloak)
rCorr   .          Rampage  .   (no gloves)
Will    +....                   (no boots)
Stlth   ..........              (no amulet)
HPRegen 0.16/turn               (no ring)
MPRegen 0.12/turn               (no ring)

@: no status effects
A: sickness immunity, AC +5, negative energy resistance 1, electricity
resistance, torment resistance 1, petrification resistance
a: no special abilities


You were on level 3 of the Dungeon.
You visited 1 branch of the dungeon, and saw 4 of its levels.

You collected 134 gold pieces.

Inventory:

Hand Weapons
 a - a +0 war axe
 b - the +5 flail of Destruction (weapon) {venom, rC++ Str-4 Dex+3}
   (You found it on level 4 of the Dungeon)

   It poisons the flesh of those it strikes.
   Str:       It affects your strength (-4).
   Dex:       It affects your dexterity (+3).
   rC:        It greatly protects you from cold.
Missiles
 p - 2 throwing nets (quivered)
Armour
 c - a +0 buckler (worn)
 m - a +0 scale mail of willpower (worn)
Scrolls
 d - 2 scrolls of brand weapon {unknown}
 h - 2 scrolls of identify {unknown}
 i - 2 scrolls of acquirement {unknown}
 j - a scroll of blinking {unknown}
 l - a scroll of amnesia {unknown}
 n - a scroll of enchant armour {unknown}
 o - a scroll of immolation {unknown}
 q - a scroll of fear {unknown}
 r - a scroll of teleportation {unknown}
 t - a scroll of fog {unknown}
Potions
 e - 2 potions of mutation {unknown}
 f - 3 potions of curing {unknown}
 g - 2 potions of lignification {unknown}
 k - a potion of invisibility {unknown}
 s - 2 potions of resistance {unknown}


   Skills:
 + Level 4.9 Fighting
 * Level 4.6 Axes
 + Level 4.9 Armour
 * Level 3.8 Dodging
 + Level 4.9 Shields
 + Level 3.2 Invocations


You had 7 spell levels left.
You didn't know any spells.
Your spell library contained the following spells:

 Spells                   Type           Power      Damage    Failure   Level
 Magic Dart               Conj           0%         1d3       87%         1
 Call Imp                 Summ           0%         N/A       95%         2
 Mephitic Cloud           Conj/Pois/Air  0%         N/A       99%         3
 Ozocubu's Armour         Ice            0%         N/A       99%         3
 Petrify                  Tmut/Erth      0%         N/A       100%        4
 Irradiate                Conj/Tmut      0%         3d14      100%        5
 Metabolic Englaciation   Hex/Ice        0%         N/A       100%        5
 Simulacrum               Ice/Necr       0%         N/A       100%        6
 Sublimation of Blood     Necr           Unusable   N/A       N/A         2

Dungeon Overview and Level Annotations

Branches:
Dungeon (4/15)
 Temple: D:4-7

Altars:

Shops:
D:1 :   D:3 *


Innate Abilities, Weirdness & Mutations

You are immune to sickness and miasma.
Your stone body is resilient. (AC +5)
You are immune to poison.
You resist negative energy. (rN+)
You are resistant to electric shocks. (rElec)
You are resistant to unholy torment.
You are immune to petrification.


Message History

You start resting.
HP restored.
You climb downwards.
The yak gores you but does no damage. x2
The yak closely misses you.
There is a stone staircase leading up here.
You block the yak's attack. The yak gores you but does no damage.
You climb upwards.
There is a stone staircase leading down here.
You hit the yak.
The yak is poisoned.
The yak is lightly wounded.
The yak gores you! The yak gores you but does no damage.
You thump the yak!
The yak looks as sick as possible!
The yak is heavily wounded.
The yak gores you but does no damage.
You barely miss the yak.
The yak is severely wounded.
The yak gores you.
You hit the yak.
The yak looks as sick as possible!
The yak is severely wounded.
You block the yak's attack.
You hit the yak but do no damage.
The yak is almost dead.
You kill the yak!
You hit the yak.
The yak is lightly wounded.
The yak closely misses you.
The yak snorts and paws the ground.
The yak gores you!
You hit the yak but do no damage.
The yak is poisoned.
The yak is lightly wounded.
The yak closely misses you.
You hit the yak.
The yak looks as sick as possible!
The yak is lightly wounded.
The yak gores you.
You closely miss the yak.
The yak is moderately wounded.
The yak gores you!
* * * LOW HITPOINT WARNING * * *
The yak gores you!
You die...

### ########### ##.## .......†.)#
##.#.##
.########.######.###.###### ##
#...(...## ##.....# #### #
#..###.#@###.####.# #... #
###..###.##Y#.## #.# #.## #
#...........>## #.# #.#.
#######.#..###.##..# #.####...
...........##......######).......
#####.#.#.#.#..#..........#####..
# #.#.#...#...##..######.# ###
#####.###.###.###..# #.# #.....#
### #.# #..# #.#


You could see a yak (extremely poisoned).

Vanquished Creatures
  Grinder (D:3)
  3 yaks
  A black bear (D:4)
  A necrophage (D:4)
  A howler monkey (D:4)
  An iguana (D:4)
  Ijyb (D:3)
  Terence (D:2)
  A hound skeleton (D:3)
  7 gnolls
  2 river rats (D:4)
  3 adders
  2 worms
  A dart slug (D:2)
  An orc (D:3)
  11 endoplasms
  3 giant cockroaches
  4 goblins
  4 hobgoblins
  4 jackals (D:3)
  5 quokkas
  8 ball pythons
  7 bats
  4 frilled lizards
  11 kobolds
  9 rats
97 creatures vanquished.

Notes
Turn   | Place    | Note
-------+----------+-------------------------------------------
     0 | D:1      | HallandMoats the Gargoyle Fighter began the quest for the
                  | Orb.
     0 | D:1      | Reached XP level 1. HP: 14/14 MP: 1/1
   196 | D:1      | Reached XP level 2. HP: 19/19 MP: 2/2
   833 | D:1      | Found Teoggaeg's Book Shoppe.
   854 | D:1      | Found a faded altar of an unknown god.
   903 | D:1      | Reached skill level 1 in Dodging
   903 | D:1      | Reached XP level 3. HP: 23/23 MP: 3/3
  1520 | D:2      | Reached skill level 1 in Invocations
  1700 | D:2      | Noticed Terence
  1712 | D:2      | Killed Terence
  1713 | D:2      | Reached XP level 4. HP: 21/28 MP: 4/4
  2661 | D:3      | Reached XP level 5. HP: 30/33 MP: 4/6
  2788 | D:3      | Noticed Ijyb
  2831 | D:3      | Killed Ijyb
  2990 | D:3      | Found Mitegups's Assorted Antiques.
  3158 | D:3      | Noticed Grinder
  3173 | D:3      | Killed Grinder
  3174 | D:3      | Reached XP level 6. HP: 26/38 MP: 7/7
  3658 | D:4      | Reached XP level 7. HP: 32/43 MP: 8/8
  4308 | D:4      | Identified the +5 flail of Destruction {venom, rC++ Str-4
                  | Dex+3}
  4619 | D:4      | Noticed a yak
  4619 | D:4      | Noticed a yak
  4619 | D:4      | Noticed a yak
  4620 | D:4      | Noticed a yak
  4621 | D:4      | Noticed a yak
  4621 | D:4      | Noticed a yak
  4627 | D:4      | Killed a yak
  4632 | D:4      | Killed a yak
  4633 | D:4      | Reached XP level 8. HP: 14/48 MP: 10/10
  4854 | D:3      | Killed a yak
  4858 | D:3      | Slain by a yak

Illustrated notes

Levels and vault maps discovered:
D:1:      dpeg_arrival_snail, layout_basic, ebering_ecumenical_altar_webs,
          serial_shops, nicolae_shop_hallway_plus, minmay_ruptured
D:2:      layout_basic, uniq_terence
D:3:      layout_loops_ring, serial_shops, nicolae_shop_window_shopping,
          uniq_ijyb, uniq_grinder
D:4:      layout_loops_ring, portal_sewer_entry_a, minmay_misc_feat_roman

Skill      XL: |  1  2  3  4  5  6  7 |
---------------+----------------------+-----
Axes           | 2 3 4 |  4.6
Dodging        | 1 2 3 |  3.8
Invocations    | 1 2 3 |  3.2
Fighting       | 4 |  4.9
Armour         | 4 |  4.9
Shields        | 4 |  4.9

Action                   |  1- 3 |  4- 6 |  7- 9 || total
-------------------------+-------+-------+-------++-------
Melee: War axe           |   134 |   167 |    70 ||   371
       Flail             |       |       |    24 ||    24
  Use: Potion            |       |     1 |     1 ||     2
Armor: Scale mail        |    79 |    85 |    45 ||   209
Dodge: Dodged            |    73 |    70 |    36 ||   179
Block: Buckler           |    44 |    30 |    25 ||    99

Table legend: (Time is in decaauts)
 A = Elapsed time spent in this place.
 B = Non-inter-level travel time spent in this place.
 C = Inter-level travel time spent in this place.
 D = Time resting spent in this place.
 E = Time spent auto-exploring this place.
 F = Levels seen in this place.
 G = Mean time per level.
                   A        B        C        D        E       F      G
               +--------+--------+--------+--------+--------+-----+--------+
         Total |   5020 |   4893 |    127 |    775 |   3131 |   4 | 1255.0 |
       Dungeon |   5020 |   4893 |    127 |    775 |   3131 |   4 | 1255.0 |
               +--------+--------+--------+--------+--------+-----+--------+

Top non-repeatable levels by time:
     D:3: 1556 daAuts
     D:1: 1533 daAuts
     D:4: 1097 daAuts
     D:2: 832 daAuts
